 Dungeon Crawl Stone Soup version 0.29-a0-914-g906f1d757c (webtiles) character file.

Game seed: 15429267411662433846

39479 2tc the Reanimator (level 13, -2/93 HPs)
             Began as a Demonspawn Necromancer on July 26, 2022.
             Was the Champion of Jiyva.
             Slain by a death yak (22 damage)
             ... on level 1 of the Lair of Beasts.
             The game lasted 01:20:23 (13613 turns).

2tc the Reanimator (Demonspawn Necromancer)        Turns: 13613, Time: 01:20:26

Health: -2/93      AC:  4    Str: 12    XL:     13   Next: 69%
Magic:  7/20       EV: 21    Int: 18    God:    Jiyva [******]
Gold:   593        SH: 11    Dex: 22    Spells: 7/22 levels left

rFire   + + +      SeeInvis .   e - +4 whip (freeze)
rCold   . . .      Faith    .   (no shield)
rNeg    + . .      Spirit   .   f - +1 robe {rN+}
rPois   .          Reflect  +   (no helmet)
rElec   +          Harm     .   (no cloak)
rCorr   +          Rampage  .   (gloves unavailable)
Will    .....                   x - +0 pair of boots
Stlth   +++.......              n - amulet of reflection
HPRegen 1.85/turn               (no ring)
MPRegen 0.67/turn               (no ring)

@: wereblooded, animating dead
A: large bone plates 2, demonic guardian 2, demonic magic 2, demonic touch 3,
thin skeletal structure 1, agile 2, fire resistance 3, electricity resistance,
strong 1, gelatinous body 1, pseudopods 3, tendrils, jelly absorbing missiles,
MP-powered wands
a: Renounce Religion, Oozemancy, Slimify


You were on level 1 of the Lair of Beasts.
You worshipped Jiyva.
Jiyva was exalted by your worship.
You visited 2 branches of the dungeon, and saw 15 of its levels.
You also visited: Volcano.

You collected 593 gold pieces.

Inventory:

Hand Weapons
 e - a +4 whip of freezing (weapon)
 i - a +1 demon whip of venom
Missiles
 d - a throwing net
Armour
 f - a +1 robe of positive energy (worn)
 x - a +0 pair of boots (worn)
Jewellery
 k - the ring of the Clean God {Ice Str+4}
   (You found it on level 11 of the Dungeon)

   [ring of ice]

   It enhances your ice magic.
   Str:       It affects your strength (+4).
   rF:        It makes you vulnerable to fire.
   rC:        It protects you from cold.
 n - an amulet of reflection (around neck)
Wands
 a - a wand of polymorph (6)
 j - a wand of flame (19)
 r - a wand of paralysis (8)
Scrolls
 h - a scroll of identify
 l - a scroll of fear
 m - a scroll of teleportation
Potions
 b - 2 potions of magic
 c - 3 potions of mutation
 g - 3 potions of lignification
 p - 2 potions of curing
 q - a potion of invisibility
 s - a potion of brilliance
 t - a potion of flight
 u - a potion of berserk rage {unknown}
 v - a potion of might {unknown}
 w - a potion of heal wounds {unknown}
 z - 2 potions of cancellation


   Skills:
 - Level 6.0 Fighting
 - Level 12.0 Maces & Flails
 - Level 5.0 Armour
 - Level 10.0 Dodging
 - Level 1.7 Stealth
 - Level 5.0 Spellcasting
 + Level 14.1 Necromancy
 - Level 5.0 Transmutations
 - Level 5.0 Evocations


You had 7 spell levels left.
You knew the following spells:

 Your Spells              Type           Power      Damage    Failure   Level
a - Necrotise             Necr           100%       1d9       1%          1
b - Vampiric Draining     Necr           53%        2d9       1%          3
c - Agony                 Necr           53%        N/A       1%          5
d - Animate Dead          Necr           53%        N/A       1%          4
e - Wereblood             Tmut           22%        N/A       2%          2

Your spell library contained the following spells:

 Spells                   Type           Power      Damage    Failure   Level
 Beastly Appendage        Tmut           44%        N/A       1%          1
 Spider Form              Tmut/Pois      13%        N/A       14%         3
 Frozen Ramparts          Ice            8%         1d2       36%         3
 Ice Form                 Ice/Tmut       13%        N/A       43%         4
 Summon Ice Beast         Ice/Summ       4%         N/A       78%         4
 Haunt                    Necr/Summ      14%        N/A       99%         7
 Infestation              Necr           26%        N/A       95%         8


Dungeon Overview and Level Annotations

Branches:
Dungeon (11/15)            Temple (0/1) D:4            Lair (4/5) D:9
 Shoals (0/4) Lair:3        Snake (0/4) Lair:2      Volcano (visited)
  Slime: Lair:4-5       Orc: D:9-12

Altars:
Nemelex Xobeh
Okawaru
Qazlal
Sif Muna
Trog
Vehumet
Jiyva


Innate Abilities, Weirdness & Mutations

You are mostly covered in large bone plates. (SH +6)
A demonic guardian rushes to your aid.
Spells you cast may paralyse nearby enemies.
Your touch may irresistibly damage your foes and sap their willpower.
You have a somewhat thin skeletal structure. (Dex +2, Stealth+)
You are very agile. (Dex +8, Str/Int -2)
Your flesh is almost immune to the effects of heat. (rF+++)
You are resistant to electric shocks. (rElec)
Your muscles are strong. (Str +4, Int/Dex -1)
Your rubbery body absorbs attacks. (AC +1, EV +1)
Armour fits poorly on your massive pseudopods.
You are covered in slimy tendrils that may disarm your opponents.
You have a small jelly attached to you that may absorb projectiles.
You expend magic power (3 MP) to strengthen your wands.


Message History

Your blood is infused with primal strength.
Malevolent energies surge around you.
Your hellwing hits the komodo dragon. x2
You swap places.
The death yak gores you!
There is an open door, spattered with blood here.
You see here a dire elephant corpse.
The helpless komodo dragon fails to defend itself.
You hit the komodo dragon but do no damage.
The komodo dragon is lightly wounded.
The death yak misses you.
Unknown command.
You whack the death yak! You freeze the death yak.
You touch the death yak!
You sap its willpower!
Your bludgeon misses the death yak.
The death yak is moderately wounded.
The komodo dragon is no longer paralysed.
The komodo dragon misses you.
You hit the death yak but do no damage.
The death yak is moderately wounded.
The death yak misses you.
You whack the death yak! You freeze the death yak.
You touch the death yak!
You sap its willpower!
You bludgeon the death yak.
The death yak is heavily wounded.
The komodo dragon bites you.
You hit the death yak. You freeze the death yak.
The death yak is heavily wounded.
The death yak gores you!!
You shudder from the blow and a jelly pops out!
Casting: Wereblood (safe; 2% risk of failure)
Confirm with . or Enter, or press ? or * to list all spells.
Aiming: Agony (dangerous; 1% risk of failure)
Press: ? - help, Shift-Dir - straight line, f - death yak
Aim: a death yak (heavily wounded, weak-willed, ally target, chance to affect: 91%)
The death yak convulses!
Malevolent energies surge around you.
The komodo dragon suddenly stops moving!
The elephant suddenly stops moving!
The water moccasin suddenly stops moving!
The komodo dragon bites you!!
* * * LOW HITPOINT WARNING * * *
You shudder from the blow and a jelly pops out!
The death yak gores you!!
You die...

### #≈≈≈..#.....## ##
####≈≈≈..#......###.
#.[#≈≈..##..........
##..#≈≈..##..........
#≈()#≈≈≈..#..........
#≈.l#≈≈≈..##.........
#hSY##≈≈..###.....##.
#lYl#≈≈≈.≈.##...###.
###@#≈≈≈..#.##..##..
##JJ4≈≈≈≈....#...##..
#≈..≈≈≈≈≈≈..##...#...
#..≈≈≈J≈≈≈≈.##...##..
##.≈≈≈≈≈≈≈≈..##...#..
#...≈≈≈≈≈≈...#...##..
#....≈≈≈≈...###..####
#.....≈≈...## #..###.
##........#.###......


You could see a death yak (weak-willed, ally target), an elephant (paralysed), 2
komodo dragons, a basilisk, a water moccasin (paralysed), a black bear, a
neutral jelly (wandering) (fellow slime), 2 friendly acid blobs and a friendly
hellwing (summoned).

Vanquished Creatures
  A red draconian (Volcano)
  2 boulder beetles
  A hydra (Lair:4)
  2 two-headed ogres (D:10)
  A death yak (Lair:4)
  Amaemon (D:9)
  Nergalle (Lair:1)
  A deep elf zephyrmancer (D:7)
  5 elephants (Lair:3)
  A smoke demon (D:9)
  3 black mambas
  An orange demon (D:9)
  A torpor snail (Lair:4)
  An unseen horror (D:10)
  6 cane toads
  2 yaktaurs (Volcano)
  3 kobold demonologists (D:9)
  2 rime drakes (Lair:4)
  An ice devil (D:9)
  7 komodo dragons
  A red devil (D:8)
  A hellwing (D:9)
  3 polar bears
  A troll (D:9)
  6 blink frogs
  3 shadows
  A vampire (D:10)
  3 wyverns
  4 basilisks
  28 yaks
  A steam dragon (D:9)
  A chaos spawn (D:8)
  A neqoxec (D:9)
  An orc zombie (Lair:1)
  2 nagas (Lair:2)
  8 water moccasins
  An ice beast (D:7)
  3 orc warriors
  A black bear (Lair:2)
  3 ogres (D:4)
  2 sky beasts (D:7)
  9 wolves
  4 centaurs
  2 phantoms (D:6)
  A komodo dragon zombie (Lair:1)
  3 kobold brigands
  6 bullfrogs
  3 necrophages
  A gnoll sergeant (D:10)
  4 scorpions
  5 wights
  A yak zombie (Lair:1)
  9 killer bees
  3 electric eels
  A howler monkey (D:9)
  4 quasits
  2 gnoll boudas
  4 orc priests
  7 hounds
  5 iguanas
  Ijyb (D:3)
  9 orc wizards
  5 adders
  8 gnolls
  A white imp (D:5)
  2 worms
  A dart slug (D:1)
  31 orcs
  9 bats
  2 endoplasms (D:1)
  3 giant cockroaches
  8 goblins
  4 hobgoblins
  2 jackals (D:3)
  10 kobolds
  2 quokkas
  3 ball pythons
  A frilled lizard (D:1)
  7 rats
301 creatures vanquished.

Vanquished Creatures (collateral kills)
  A dire elephant (Lair:1)
  2 hydras (Lair:3)
  A two-headed ogre (D:8)
  A centaur warrior (Volcano)
  Urug (Lair:4)
  A manticore (Lair:1)
  A cane toad (Lair:1)
  2 black mambas (Lair:1)
  2 komodo dragons
  2 rime drakes
  A kobold demonologist (D:9)
  A yaktaur (Volcano)
  2 polar bears
  3 blink frogs
  A wyvern (Lair:1)
  A basilisk (Lair:1)
  7 yaks
  A chaos spawn (D:9)
  A naga (Lair:2)
  A water moccasin (Lair:4)
  An orc warrior (D:8)
  2 wolves
  A centaur (Volcano)
  A kobold brigand (D:9)
  A bullfrog (Lair:3)
  A scorpion (Lair:1)
  5 wights
  2 killer bees
  A quasit (D:9)
  A hound (D:9)
  2 orc priests
  An orc wizard (D:9)
  4 gnolls
  5 orcs
  A ball python (D:1)
62 creatures vanquished.

Vanquished Creatures (others)
  A wizard (D:8)
  A merfolk siren (Lair:3)
  A cane toad zombie (Lair:1)
  2 water moccasins
  2 elephant zombies (Lair:3)
  2 phantoms
  2 kobold brigands
  A scorpion (Lair:1)
  A komodo dragon zombie (Lair:1)
  2 bullfrogs (Lair:4)
  2 wights (D:5)
  A polar bear zombie (Lair:1)
  A troll zombie (D:9)
  A killer bee (D:7)
  34 jellies
  A wolf zombie (D:9)
  5 yak zombies
  A howler monkey (D:10)
  2 bullfrog zombies (Lair:1)
  2 orc wizards (D:9)
  5 killer bee zombies (D:9)
  A gnoll (D:10)
  A steam dragon zombie (D:9)
  An adder (D:3)
  An iguana zombie (D:6)
  2 dart slugs (D:3)
  2 endoplasms (D:4)
  5 orcs
  A ball python (D:2)
  A goblin (D:4)
  A hobgoblin (D:3)
  A jackal (D:3)
  9 kobolds
  4 gnoll zombies (D:9)
  3 kobold zombies (D:9)
  13 orc zombies
  2 bushes (Lair:3)
  4 demonic plants (D:9)
  38 fungi
  55 plants
215 creatures vanquished.

Grand Total: 578 creatures vanquished

Notes
Turn   | Place    | Note
-------+----------+-------------------------------------------
     0 | D:1      | 2tc the Demonspawn Necromancer began the quest for the Orb.
     0 | D:1      | Reached XP level 1. HP: 13/13 MP: 3/3
   240 | D:1      | Gained mutation: You are partially covered in large bone
                  | plates. (SH +4) [demonic ancestry]
   240 | D:1      | Reached XP level 2. HP: 19/19 MP: 0/5
   420 | D:1      | Reached skill level 5 in Necromancy
   872 | D:1      | Gained mutation: You are mostly covered in large bone
                  | plates. (SH +6) [demonic ancestry]
   872 | D:1      | Reached XP level 3. HP: 24/24 MP: 1/6
   972 | D:1      | Found a faded altar of an unknown god.
   975 | D:1      | Prayed at the altar of an unknown god.
   975 | D:1      | Became a worshipper of Jiyva Jiagi the Shapeless
   975 | D:1      | Reached * piety under Jiyva
  1498 | D:2      | Reached ** piety under Jiyva
  1598 | D:2      | Reached XP level 4. HP: 30/30 MP: 6/8
  1981 | D:3      | Learned a level 3 spell: Vampiric Draining
  2267 | D:3      | Noticed Ijyb
  2271 | D:3      | Killed Ijyb
  2272 | D:3      | Reached skill level 6 in Necromancy
  2520 | D:4      | Reached *** piety under Jiyva
  2585 | D:4      | Identified the +0 ring mail of Vanity {-Tele Will++ MP+9
                  | Int-2}
  2600 | D:4      | Gained mutation: Your touch may inflict minor irresistible
                  | damage on your foes. [demonic ancestry]
  2600 | D:4      | Reached XP level 5. HP: 30/34 MP: 6/9
  2739 | D:4      | Gained mutation: Your rubbery body absorbs attacks. (AC +1,
                  | EV +1) [Jiyva's grace]
  2739 | D:4      | Gained mutation: Your pliable body absorbs attacks. (AC +2,
                  | EV +2) [Jiyva's grace]
  2739 | D:4      | Gained mutation: Your gelatinous body deflects attacks. (AC
                  | +3, EV +3) [Jiyva's grace]
  2739 | D:4      | Gained mutation: You are agile. (Dex +4, Str/Int -1)
                  | [Jiyva's grace]
  2763 | D:4      | Reached skill level 7 in Necromancy
  2792 | D:4      | Noticed an ogre
  2812 | D:4      | Killed an ogre
  2813 | D:4      | Gained mutation: A weak demonic guardian rushes to your
                  | aid. [demonic ancestry]
  2813 | D:4      | Reached XP level 6. HP: 41/41 MP: 7/10
  2819 | D:4      | Learned a level 5 spell: Agony
  2859 | D:4      | Found an iron altar of Okawaru.
  2904 | D:4      | Reached skill level 8 in Necromancy
  2987 | D:4      | Reached skill level 1 in Fighting
  3224 | D:4      | Found a staircase to the Ecumenical Temple.
  3234 | D:4      | Reached skill level 1 in Maces & Flails
  3295 | D:4      | Gained mutation: Spells you cast may paralyse adjacent
                  | enemies. [demonic ancestry]
  3295 | D:4      | Reached XP level 7. HP: 46/48 MP: 3/11
  3349 | D:5      | Entered Level 5 of the Dungeon
  3416 | D:5      | Reached **** piety under Jiyva
  3535 | D:5      | Reached skill level 5 in Maces & Flails
  3943 | D:6      | Reached XP level 8. HP: 53/54 MP: 12/12
  4019 | D:6      | Learned a level 4 spell: Animate Dead
  4146 | D:6      | Reached XP level 9. HP: 59/59 MP: 13/13
  4224 | D:6      | Reached skill level 10 in Maces & Flails
  4259 | D:6      | Reached ***** piety under Jiyva
  4322 | D:6      | Lost mutation: Your gelatinous body deflects attacks. (AC
                  | +3, EV +3) [Jiyva's grace]
  4322 | D:6      | Gained mutation: You are covered in slimy tendrils that may
                  | disarm your opponents. [Jiyva's grace]
  4322 | D:6      | Gained mutation: Your body has grown eyes which may confuse
                  | attackers. (Acc +3) [Jiyva's grace]
  4322 | D:6      | Gained mutation: Your body has grown many eyes which may
                  | confuse attackers. (Acc +5) [Jiyva's grace]
  4322 | D:6      | Gained mutation: Your body is covered in eyes which may
                  | confuse attackers. (Acc +7, SInv) [Jiyva's grace]
  5372 | D:7      | Noticed a deep elf zephyrmancer
  5383 | D:7      | Killed a deep elf zephyrmancer
  5384 | D:7      | Gained mutation: Spells you cast may paralyse nearby
                  | enemies. [demonic ancestry]
  5384 | D:7      | Reached XP level 10. HP: 65/65 MP: 11/14
  5690 | D:8      | Lost mutation: You are agile. (Dex +4, Str/Int -1) [Jiyva's
                  | grace]
  5690 | D:8      | Lost mutation: Your pliable body absorbs attacks. (AC +2,
                  | EV +2) [Jiyva's grace]
  5690 | D:8      | Gained mutation: You have a somewhat thin skeletal
                  | structure. (Dex +2, Stealth+) [Jiyva's grace]
  5690 | D:8      | Gained mutation: You have a moderately thin skeletal
                  | structure. (Dex +4, Stealth++) [Jiyva's grace]
  5690 | D:8      | Gained mutation: You have an unnaturally thin skeletal
                  | structure. (Dex +6, Stealth+++) [Jiyva's grace]
  5690 | D:8      | Gained mutation: You are covered in fur. (AC +1) [Jiyva's
                  | grace]
  6087 | D:8      | Found a bloodstained altar of Trog.
  6094 | D:8      | Noticed a two-headed ogre
  6102 | D:8      | Killed a two-headed ogre
  6279 | D:8      | Reached skill level 9 in Necromancy
  6426 | D:8      | Noticed a wizard
  6429 | D:8      | Killed a wizard
  6679 | D:8      | Found a radiant altar of Vehumet.
  6679 | D:8      | Found a stormy altar of Qazlal.
  6850 | D:9      | Gained mutation: Your body sometimes deteriorates upon
                  | taking damage. [a neqoxec]
  6857 | D:9      | Reached skill level 10 in Necromancy
  6934 | D:9      | Reached ****** piety under Jiyva
  7047 | D:9      | Gained mutation: Your touch may inflict irresistible damage
                  | on your foes. [demonic ancestry]
  7047 | D:9      | Reached XP level 11. HP: 64/77 MP: 15/15
  7060 | D:9      | HP: 2/77 [electric eel/bolt of electricity (9)]
  7165 | D:9      | Reached skill level 11 in Necromancy
  7166 | D:9      | Noticed Amaemon
  7181 | D:9      | Killed Amaemon
  7209 | D:9      | Found a staircase to the Lair.
  7314 | D:9      | Reached skill level 12 in Necromancy
  7474 | D:9      | Noticed a sun demon
  7554 | D:9      | Reached skill level 5 in Dodging
  7659 | D:9      | Found a shimmering blue altar of Sif Muna.
  7827 | D:9      | Lost mutation: You have an unnaturally thin skeletal
                  | structure. (Dex +6, Stealth+++) [Jiyva's grace]
  7827 | D:9      | Lost mutation: You have a moderately thin skeletal
                  | structure. (Dex +4, Stealth++) [Jiyva's grace]
  7827 | D:9      | Lost mutation: Your body sometimes deteriorates upon taking
                  | damage. [Jiyva's grace]
  7827 | D:9      | Lost mutation: You are covered in fur. (AC +1) [Jiyva's
                  | grace]
  7827 | D:9      | Gained mutation: You have hidden genetic potential.
                  | [Jiyva's grace]
  7827 | D:9      | Gained mutation: You have great hidden genetic potential.
                  | [Jiyva's grace]
  7827 | D:9      | Gained mutation: You have a small jelly attached to you
                  | that may absorb projectiles. [Jiyva's grace]
  7827 | D:9      | Gained mutation: You expend magic power (3 MP) to
                  | strengthen your wands. [Jiyva's grace]
  8002 | D:10     | Entered Level 10 of the Dungeon
  8010 | D:10     | Noticed a two-headed ogre
  8018 | D:10     | Killed a two-headed ogre
  8104 | D:10     | Noticed a two-headed ogre
  8112 | D:10     | Killed a two-headed ogre
  8304 | D:10     | Identified the +0 spear of Biqaoveo {venom, Str+5}
  9174 | D:11     | Identified the ring of the Clean God {Ice Str+4}
  9388 | Lair:1   | Entered Level 1 of the Lair of Beasts
  9428 | Lair:1   | Noticed Nergalle
  9434 | Lair:1   | Killed Nergalle
  9746 | Lair:1   | Reached skill level 5 in Fighting
  9746 | Lair:1   | Gained mutation: Your touch may irresistibly damage your
                  | foes and sap their willpower. [demonic ancestry]
  9746 | Lair:1   | Reached XP level 12. HP: 86/86 MP: 15/18
  9995 | Lair:1   | Lost mutation: Your body is covered in eyes which may
                  | confuse attackers. (Acc +7, SInv) [Jiyva's grace]
  9995 | Lair:1   | Lost mutation: You have great hidden genetic potential.
                  | [Jiyva's grace]
  9995 | Lair:1   | Lost mutation: You have hidden genetic potential. [Jiyva's
                  | grace]
  9995 | Lair:1   | Gained mutation: You are agile. (Dex +4, Str/Int -1)
                  | [Jiyva's grace]
  9995 | Lair:1   | Gained mutation: You are very agile. (Dex +8, Str/Int -2)
                  | [Jiyva's grace]
  9995 | Lair:1   | Gained mutation: Your flesh is heat resistant. (rF+)
                  | [Jiyva's grace]
  9995 | Lair:1   | Gained mutation: Your flesh is very heat resistant. (rF++)
                  | [Jiyva's grace]
 10103 | Lair:1   | Reached skill level 5 in Spellcasting
 10103 | Lair:1   | Reached skill level 1 in Transmutations
 10175 | Lair:1   | Reached skill level 1 in Armour
 10285 | Lair:1   | Found the +9 staff of Olgreb {rPois∞}
 10285 | Lair:1   | Noticed a dire elephant
 10285 | Lair:1   | Noticed a death yak
 10462 | Lair:2   | Reached skill level 5 in Transmutations
 10465 | Lair:2   | Learned a level 2 spell: Wereblood
 10490 | Lair:2   | Found a staircase to the Snake Pit.
 10672 | Lair:2   | Found a sparkling altar of Nemelex Xobeh.
 10814 | Lair:2   | Found a dark tunnel.
 10823 | Volcano  | Entered a volcano
 10868 | Volcano  | Noticed a centaur warrior
 10876 | Volcano  | Killed a centaur warrior
 10877 | Volcano  | Reached skill level 13 in Necromancy
 10945 | Volcano  | Noticed a red draconian
 10960 | Volcano  | Killed a red draconian
 11412 | Lair:2   | Reached skill level 14 in Necromancy
 11599 | Lair:3   | Lost mutation: Your flesh is very heat resistant. (rF++)
                  | [Jiyva's grace]
 11599 | Lair:3   | Lost mutation: Your body has grown many eyes which may
                  | confuse attackers. (Acc +5) [Jiyva's grace]
 11599 | Lair:3   | Gained mutation: Your muscles are strong. (Str +4, Int/Dex
                  | -1) [Jiyva's grace]
 11599 | Lair:3   | Gained mutation: Your muscles are very strong. (Str +8,
                  | Int/Dex -2) [Jiyva's grace]
 11599 | Lair:3   | Gained mutation: You are resistant to electric shocks.
                  | (rElec) [Jiyva's grace]
 11599 | Lair:3   | Gained mutation: Armour fits poorly on your pseudopods.
                  | [Jiyva's grace]
 11631 | Lair:3   | Reached skill level 1 in Evocations
 11642 | Lair:3   | Gained mutation: A demonic guardian rushes to your aid.
                  | [demonic ancestry]
 11642 | Lair:3   | Reached XP level 13. HP: 87/93 MP: 17/20
 12072 | Lair:3   | Found a staircase to the Shoals.
 12120 | Lair:3   | Reached skill level 5 in Evocations
 12727 | Lair:4   | Noticed Urug
 12741 | Lair:4   | Killed Urug
 12866 | Lair:4   | Reached skill level 10 in Dodging
 13014 | Lair:4   | Lost mutation: Your muscles are very strong. (Str +8,
                  | Int/Dex -2) [Jiyva's grace]
 13014 | Lair:4   | Lost mutation: Your body has grown eyes which may confuse
                  | attackers. (Acc +3) [Jiyva's grace]
 13014 | Lair:4   | Gained mutation: Armour fits poorly on your large
                  | pseudopods. [Jiyva's grace]
 13014 | Lair:4   | Gained mutation: Armour fits poorly on your massive
                  | pseudopods. [Jiyva's grace]
 13014 | Lair:4   | Gained mutation: Your flesh is very heat resistant. (rF++)
                  | [Jiyva's grace]
 13014 | Lair:4   | Gained mutation: Your flesh is almost immune to the effects
                  | of heat. (rF+++) [Jiyva's grace]
 13604 | Lair:1   | Killed a dire elephant
 13605 | Lair:1   | Reached skill level 5 in Armour
 13613 | Lair:1   | Slain by a death yak

Illustrated notes

Levels and vault maps discovered:
D:1:      minmay_arrival_four_loops, layout_rooms,
          hellmonk_ecumenical_altar_defaced_shrine
D:2:      layout_basic
D:3:      layout_basic, uniq_ijyb
D:4:      layout_basic, okawaru_trees_1, minmay_temple_entry_waves
D:5:      layout_cave_pools, nicolae_elevator_lobby_plus
D:6:      layout_basic, grunt_ministairs_7
D:7:      layout_basic, guppyfry_early_elven_hall
D:8:      layout_basic, trog_wizard, gammafunk_temple_overflow_elements
D:9:      layout_grid_maze, led_sif_book, erik_lair_island, serial_demonic,
          serial_demonic_f, serial_demonic_a, serial_demonic_a,
          serial_demonic_g, uniq_amaemon
D:10:     layout_loops_ring, nicolae_elyvilon_temple_path,
          serial_co_window_serial, co_window_paths_a, co_window_cross_1,
          co_window_corner_a, co_window_paths_a, co_window_paths_b,
          co_window_corner_cb, co_window_paths_c, co_window_of_opportunity_b,
          co_window_broadway_a, co_window_broadway_c,
          co_window_of_opportunity_b, co_window_sun, glass_columns_a,
          minmay_tree_intersection, minmay_crystal_room
D:11:     layout_basic, kennysheep_orc_monster_closet_entryway,
          nicolae_trove_entry_crystal
Lair:1:   layout_regular_city, nicolae_lair_lakeside_cave, serial_bayou_shore_b,
          grunt_megastairs_5, uniq_nergalle
Lair:2:   layout_hall_layers, minmay_snake_entry_guardpost_medium, basic_altar,
          enter_volcano_2
Lair:3:   layout_cellular_growth, minmay_shoals_entry_lonely_mermaid,
          evilmike_ambush [evilmike_ambush_outer_pillars,
          evilmike_ambush_inner_basic]
Lair:4:   nzn_winding_woodlands_medium [nzn_winding_woodlands_5x5_cross,
          nzn_winding_woodlands_5x15_twine, nzn_winding_woodlands_5x5_default,
          nzn_winding_woodlands_5x5_default,
          nzn_winding_woodlands_center_diamonds,
          nzn_winding_woodlands_hourglass, nzn_winding_woodlands_5x5_open_star,
          nzn_winding_woodlands_5x15_river_crossing,
          nzn_winding_woodlands_5x5_closed_star], layout_gridlike,
          grunt_forest_small_clearing_treed, uniq_urug

Skill      XL: |  1  2  3  4  5  6  7  8  9 10 11 12 13 |
---------------+----------------------------------------+-----
Necromancy     | 5 6 7 8 10 12 14 | 14.1
Spellcasting   | 3 4 5 |  5.0
Fighting       | 1 4 5 6 |  6.0
Maces & Flails | 2 5 8 11 12 | 12.0
Dodging        | 4 8 10 | 10.0
Transmutations | 5 |  5.0
Armour         | 2 5 |  5.0
Evocations     | 2 5 |  5.0
Stealth        | |  1.7

Action                   |  1- 3 |  4- 6 |  7- 9 | 10-12 | 13-15 || total
-------------------------+-------+-------+-------+-------+-------++-------
Melee: Unarmed           |     2 |       |       |       |       ||     2
       Whip              |     6 |    19 |   229 |   605 |   155 ||  1014
       Touch             |       |       |    62 |   160 |    49 ||   271
       Punch             |       |       |     5 |    13 |     4 ||    22
       Pseudopods        |       |       |       |     4 |    54 ||    58
 Cast: Necrotise         |    58 |    79 |    51 |    46 |     4 ||   238
       Vampiric Draining |       |     5 |     1 |    20 |     3 ||    29
       Animate Dead      |       |       |     3 |    15 |     2 ||    20
       Agony             |       |       |       |     5 |     6 ||    11
       Wereblood         |       |       |       |     2 |     5 ||     7
Invok: Oozemancy         |       |     1 |     1 |     2 |       ||     4
Evoke: Wand              |       |     2 |     5 |    12 |    11 ||    30
  Use: Scroll            |     4 |     3 |     3 |    10 |     2 ||    22
       Potion            |     1 |     2 |     2 |     5 |       ||    10
 Stab: Distracted        |     1 |       |     2 |     4 |     3 ||    10
       Sleeping          |       |       |     5 |    10 |     4 ||    19
       Paralysed         |       |       |    11 |    56 |    30 ||    97
       Confused          |       |       |     3 |    16 |     3 ||    22
Armor: Robe              |     3 |     1 |    22 |    40 |     6 ||    72
       Skin              |       |    19 |       |       |       ||    19
Dodge: Dodged            |     8 |    26 |    79 |   197 |    55 ||   365
Block: Other             |     5 |     6 |    57 |   209 |    41 ||   318
       Reflection        |       |       |     2 |     3 |       ||     5

Table legend: (Time is in decaauts)
 A = Elapsed time spent in this place.
 B = Non-inter-level travel time spent in this place.
 C = Inter-level travel time spent in this place.
 D = Time resting spent in this place.
 E = Time spent auto-exploring this place.
 F = Levels seen in this place.
 G = Mean time per level.
                   A        B        C        D        E       F      G
               +--------+--------+--------+--------+--------+-----+--------+
         Total |  13164 |  12588 |    576 |    190 |   9811 |  16 |  822.8 |
       Dungeon |   9155 |   8780 |    375 |    190 |   7015 |  11 |  832.3 |
          Lair |   3793 |   3592 |    201 |      0 |   2732 |   4 |  948.2 |
       Volcano |    216 |    216 |      0 |      0 |     63 |   1 |  216.0 |
               +--------+--------+--------+--------+--------+-----+--------+

Top non-repeatable levels by time:
    D:10: 1151 daAuts
     D:8: 1142 daAuts
     D:9: 1135 daAuts
  Lair:1: 1066 daAuts
     D:1: 1004 daAuts
  Lair:3: 1003 daAuts
     D:2: 919 daAuts
  Lair:4: 915 daAuts
     D:4: 831 daAuts
     D:7: 820 daAuts
  Lair:2: 807 daAuts
     D:6: 800 daAuts
     D:3: 595 daAuts
     D:5: 582 daAuts
 Volcano: 216 daAuts
